 Dungeon Crawl Stone Soup version 0.22.1-1-ga44c0e56f4 (webtiles) character file.

125 Kristenmann the Cudgeler (level 5, -1/33 HPs)
             Began as a Gargoyle Berserker on Oct 7, 2018.
             Was a Believer of Trog.
             Slain by Grinder (7 damage)
             ... while paralysed by Grinder
             ... on level 3 of the Dungeon.
             The game lasted 00:07:47 (1521 turns).

Kristenmann the Cudgeler (Gargoyle Berserker)       Turns: 1521, Time: 00:07:48

Health: -1/33      AC:  8    Str: 21    XL:     5   Next: 9%
Magic:  5/5        EV:  2    Int:  8    God:    Trog [**....]
Gold:   127        SH:  0    Dex:  9    Spells: 4/4 levels left

rFire    . . .     SeeInvis .   a - +0 mace
rCold    . . .     Gourm    .   (no shield)
rNeg     + . .     Faith    .   b - +0 animal skin
rPois    ∞         Spirit   .   e - +1 helmet
rElec    +         Reflect  .   (no cloak)
rCorr    .         Harm     .   (no gloves)
MR       .....                  (no boots)
Stlth    +.........             (no amulet)
HPRegen  0.11/turn              (no ring)
MPRegen  0.09/turn              (no ring)

@: paralysed
A: negative energy resistance 1, electricity resistance, unbreathing,
petrification resistance, rot immunity, AC +4
a: Berserk, Trog's Hand, Renounce Religion


You were on level 3 of the Dungeon.
You worshipped Trog.
Trog was pleased with you.
You were not hungry.

You visited 1 branch of the dungeon, and saw 3 of its levels.

You collected 127 gold pieces.

Inventory:

Hand Weapons
 a - a +0 mace (weapon)
Armour
 b - a +0 animal skin (worn)
 e - a +1 helmet (worn)
 i - a +1 scale mail of fire resistance
 k - a +0 helmet
Scrolls
 d - a scroll of identify {unknown}
Potions
 f - 2 potions of might {unknown}
 h - a potion of heal wounds {unknown}
 j - a potion of flight {unknown}
 l - a potion of curing {unknown}
 m - a potion of cancellation {unknown}
 n - a potion of degeneration {unknown}
Comestibles
 c - 4 rations


   Skills:
 + Level 4.0 Fighting
 + Level 4.4 Maces & Flails
 + Level 2.2 Armour
 + Level 2.4 Dodging
 + Level 0.4 Stealth


You had 4 spell levels left.
You didn't know any spells.
Your spell library was empty.

Dungeon Overview and Level Annotations

Branches:
Dungeon (3/15)

Altars:
Nemelex Xobeh
Okawaru
Ru
Vehumet
Wu Jian
Xom
Yredelemnul

Annotations:
D:3 Grinder


Innate Abilities, Weirdness & Mutations

You are resistant to torment.
Your stone body is resilient. (AC +4)
You are immune to poison.
You resist negative energy. (rN+)
You are resistant to electric shocks. (rElec)
You can survive without breathing.
You are immune to petrification.
You are immune to rotting.


Message History

You closely miss Grinder.
Grinder is almost dead.
Grinder closely misses you. Grinder barely misses you.
You thump Grinder!
Grinder is almost dead.
Grinder hits you.
* * * LOW HITPOINT WARNING * * *
You writhe in agony.
* * * LOW HITPOINT WARNING * * *
You hit Grinder but do no damage.
Grinder is almost dead.
Grinder gestures at you.
You suddenly lose the ability to move!
Grinder gestures at you. Pain shoots through your body!
* * * LOW HITPOINT WARNING * * *
Grinder gestures at you.
You are unaffected.
Grinder hits you!
You die...

#...# #...#
#<..# # #...#
.. #...# ..
###.##### ..
#.....# .#.#
#.....####....#
##...5@).....#
#....####.###
#....# #
#####.. ...
..... ###.. ..


You could see Grinder.

Vanquished Creatures
  A bullfrog skeleton (D:2)
  An orc wizard (D:3)
  An adder (D:2)
  2 dart slugs (D:1)
  A leopard gecko (D:1)
  2 orcs (D:3)
  3 giant cockroaches
  8 goblins
  6 hobgoblins
  7 kobolds
  A quokka (D:3)
  5 bats
  5 frilled lizards
  5 rats
48 creatures vanquished.

Notes
Turn   | Place    | Note
-------+----------+-------------------------------------------
     0 | D:1      | Kristenmann the Gargoyle Berserker began the quest for the
                  | Orb.
     0 | D:1      | Reached XP level 1. HP: 14/14 MP: 1/1
   297 | D:1      | Reached XP level 2. HP: 19/19 MP: 2/2
   654 | D:1      | Reached ** piety under Trog
   661 | D:1      | Reached XP level 3. HP: 21/23 MP: 3/3
   950 | D:2      | Reached XP level 4. HP: 11/29 MP: 4/4
   961 | D:2      | Found a shimmering altar of Xom.
  1007 | D:2      | Found a sacrificial altar of Ru.
  1332 | D:2      | Found an iron altar of Okawaru.
  1332 | D:2      | Found an ornate altar of the Wu Jian Council.
  1334 | D:2      | Found a sparkling altar of Nemelex Xobeh.
  1336 | D:2      | Found a basalt altar of Yredelemnul.
  1336 | D:2      | Found a radiant altar of Vehumet.
  1480 | D:3      | Noticed Grinder
  1484 | D:3      | Paralysed by Grinder for 3 turns
  1491 | D:3      | Reached XP level 5. HP: 21/33 MP: 5/5
  1508 | D:3      | Paralysed by Grinder for 2 turns
  1518 | D:3      | Paralysed by Grinder for 6 turns
  1521 | D:3      | Slain by Grinder

Skill      XL: |  1  2  3  4 |
---------------+-------------+-----
Dodging        | 2 |  2.4
Maces & Flails | 4 |  4.4
Fighting       | 4 |  4.0
Armour         | |  2.2
Stealth        | |  0.4

Action                   |  1- 3 |  4- 6 || total
-------------------------+-------+-------++-------
Melee: Mace              |    86 |    78 ||   164
  Use: Scroll            |     3 |       ||     3
  Eat: Chunk             |       |     2 ||     2
Armor: Animal skin       |    26 |    31 ||    57
Dodge: Dodged            |    68 |    50 ||   118
